 Dungeon Crawl Stone Soup version 0.31.0-32-g396128a36d (webtiles) character file.

Game seed: 16012135596933295646

161 porpoise the Shooter (level 5, -14/41 HPs)
             Began as a Demonspawn Hunter on Apr 3, 2024.
             Demolished by an ogre
             ... wielding a +0 giant spiked club
              (23 damage)
             ... on level 3 of the Dungeon.
             The game lasted 00:07:26 (2198 turns).

porpoise the Shooter (Demonspawn Hunter)            Turns: 2198, Time: 00:07:27

Health: -14/41     AC:  5    Str: 11    XL:     5   Next: 19%
Magic:  5/5        EV: 12    Int: 15    God:
Gold:   177        SH:  0    Dex: 18    Spells: 4/4 levels left

rFire   . . .        a - +0 shortbow
rCold   . . .        (shield currently unavailable)
rNeg    + . .        c - +0 leather armour
rPois   .            (helmet restricted)
rElec   .            p - +0 cloak "Beufabb" {-Tele rN+ Will+ Int+5}
rCorr   .            w - +0 pair of gloves
SInv    .            (no boots)
Will    +....        (no amulet)
Stlth   ++           (no ring)
HPRegen 0.26/turn    (no ring)
MPRegen 0.09/turn

%: no teleportation
@: no status effects
A: horns 1, spiny 2, demonic magic 1
a: no special abilities


You were on level 3 of the Dungeon.
You visited 1 branch of the dungeon, and saw 3 of its levels.

You collected 177 gold pieces.

Inventory:

Hand Weapons
 a - a +0 shortbow (weapon)
 b - a +1 whip of venom
 n - a +1 short sword of speed
Missiles
 o - 3 poisoned darts
Armour
 c - a +0 leather armour (worn)
 d - an orb of mayhem
 p - the +0 cloak "Beufabb" (worn) {-Tele rN+ Will+ Int+5}
   (You found it on level 2 of the Dungeon)

   Int+5:     It affects your intelligence (+5).
   rN+:       It protects you from negative energy.
   Will+:     It increases your willpower.
   -Tele:     It prevents most forms of teleportation.
 w - a +0 pair of gloves (worn)
Jewellery
 f - a ring of flight
Scrolls
 e - 2 scrolls of blinking {unknown}
 h - a scroll of immolation {unknown}
 j - a scroll of enchant weapon {unknown}
 s - 4 scrolls of teleportation {unknown}
 t - a scroll of identify {unknown}
 u - a scroll of amnesia {unknown}
 v - a scroll of butterflies
Potions
 g - a potion of invisibility {unknown}
 i - 2 potions of might {unknown}
 k - 3 potions of magic {unknown}
 l - a potion of curing {unknown}
 m - a potion of mutation {unknown}
 q - a potion of degeneration {unknown}
 r - a potion of enlightenment {unknown}


   Skills:
 + Level 3.5 Fighting
 * Level 5.2 Ranged Weapons
 - Level 1.7 Dodging
 - Level 0.8 Stealth


You had 4 spell levels left.
You didn't know any spells.
Your spell library was empty.

Dungeon Overview and Level Annotations

Branches:
Dungeon (3/15)

Altars:
Trog

Shops:
D:2 *


Innate Abilities, Weirdness & Mutations

You have a pair of small horns on your head.
You are mostly covered in sharp spines.
Spells you cast may paralyse adjacent enemies.


Message History

You kill the quokka!
No target in view!
Found a stone staircase leading up.
You see here 7 stones.
You see here a +0 pair of gloves.
w - a +0 pair of gloves You start putting on your armour.
You continue putting on your +0 pair of gloves. x4
You finish putting on your +0 pair of gloves.
Found a stone staircase leading up.
e - 2 scrolls labelled TEIRRO FATUIL (gained 1)
An ogre comes into view. It is wielding a +0 giant spiked club.
The ogre shouts!
You hear an angry hiss.
You shoot an arrow. The arrow hits the ogre.
The ogre is lightly wounded.
You shoot an arrow. The arrow hits the ogre.
The ogre is lightly wounded.
You shoot an arrow.
The arrow hits the ogre but does no damage.
The ogre is lightly wounded.
You shoot an arrow. The arrow hits the ogre.
The ogre is moderately wounded.
You shoot an arrow. The arrow hits the ogre.
The ogre is moderately wounded.
The ogre hits you with a +0 giant spiked club!!
Ouch! That really hurt!
You are too injured to fight recklessly!
You shoot an arrow. The arrow hits the ogre.
The ogre is moderately wounded.
You shoot an arrow. The arrow hits the ogre!
The ogre is severely wounded.
The ogre is struck by your spines. The ogre barely misses you.
You shoot an arrow. The arrow hits the ogre.
The ogre is almost dead.
The ogre hits you with a +0 giant spiked club!
* * * LOW HITPOINT WARNING * * *
You shoot an arrow. The arrow barely misses the ogre.
The ogre hits you with a +0 giant spiked club!!
Ouch! That really hurt!
You die...

### ### ##
#....... .#
#.#.##.# .# #
#.#.##.# .###...
#.#.##.##.......
#.#.#...@O......
#.#.#..##..#....
#.#.#..##.<# .
#..........#
###....###.#
#..........#
#.###.###..# #.#
#.# .. #.###.# #


You could see an ogre.

Vanquished Creatures
  Jessica (D:2)
  An orc wizard (D:3)
  4 adders
  2 dart slugs
  A ribbon worm (D:2)
  8 orcs (D:3)
  2 ball pythons
  3 endoplasms (D:1)
  2 giant cockroaches
  A goblin (D:1)
  7 hobgoblins
  5 jackals
  A quokka (D:3)
  7 bats
  3 frilled lizards
  7 kobolds
  8 rats
63 creatures vanquished.

Notes
Turn   | Place    | Note
-------+----------+-------------------------------------------
     0 | D:1      | porpoise the Demonspawn Hunter began the quest for the Orb.
     0 | D:1      | Reached XP level 1. HP: 16/16 MP: 1/1
   261 | D:1      | Gained mutation: You have a pair of small horns on your
                  | head. [demonic ancestry]
   261 | D:1      | Reached XP level 2. HP: 22/22 MP: 2/2
   309 | D:1      | Reached skill level 4 in Ranged Weapons
   799 | D:2      | Found a bloodstained altar of Trog.
   867 | D:2      | Noticed Jessica
   870 | D:2      | Killed Jessica
   871 | D:2      | Gained mutation: You are partially covered in sharp spines.
                  | [demonic ancestry]
   871 | D:2      | Reached XP level 3. HP: 28/28 MP: 3/3
   936 | D:2      | Found Tuohiurgh's General Store.
  1359 | D:2      | Gained mutation: Spells you cast may paralyse adjacent
                  | enemies. [demonic ancestry]
  1359 | D:2      | Reached XP level 4. HP: 34/34 MP: 4/4
  1425 | D:2      | Identified the +0 cloak "Beufabb" {-Tele rN+ Will+ Int+5}
  1765 | D:3      | Identified the +9 falchion of the Hero {holy, *Corrode rC+
                  | Int+4}
  1836 | D:3      | Found a faded altar of an unknown god.
  1926 | D:3      | Reached skill level 5 in Ranged Weapons
  1932 | D:3      | Gained mutation: You are mostly covered in sharp spines.
                  | [demonic ancestry]
  1932 | D:3      | Reached XP level 5. HP: 39/41 MP: 5/5
  2189 | D:3      | Noticed an ogre
  2198 | D:3      | Demolished by an ogre

Illustrated notes

Levels and vault maps discovered:
D:1:      grunt_arrival_crossed_arrows, layout_loops_ring, serial_aquarium,
          aquarium_bridge_square [aquarium_subvault_wall,
          aquarium_subvault_wall, aquarium_subvault_bridge,
          aquarium_subvault_wall], aquarium_bridge_straight
          [aquarium_subvault_bridge, aquarium_subvault_window,
          aquarium_subvault_bridge, aquarium_subvault_window],
          aquarium_window_fake, aquarium_window_1, aquarium_window_1,
          aquarium_view_2e
D:2:      layout_basic, basic_altar, serial_shops, shop, minmay_joined_circles,
          uniq_jessica
D:3:      layout_loops_corners, nicolae_qazlal_style_of_elements, serial_shops,
          shop, ebering_ecumenical_altar_petrified

Skill      XL: |  1  2  3  4 |
---------------+-------------+-----
Ranged Weapons | 4 5 |  5.2
Fighting       | 3 |  3.5
Dodging        | |  1.7
Stealth        | |  0.8

Action                     |  1- 3 |  4- 6 || total
---------------------------+-------+-------++-------
   Fire: Shortbow          |    83 |    85 ||   168
 Armour: Leather armour    |    11 |    19 ||    30
  Dodge: Dodged            |    12 |    18 ||    30
